 Dungeon Crawl Stone Soup version 0.30-a0-639-g3916f1956a (webtiles) character file.

Game seed: 16555025662447873021

1117 berto the Shield-Bearer (level 8, -4/71 HPs)
             Began as a Minotaur Fighter on Jan 15, 2023.
             Slain by a black bear (5 damage)
             ... on level 5 of the Dungeon.
             The game lasted 00:16:42 (6282 turns).

berto the Shield-Bearer (Minotaur Fighter)          Turns: 6282, Time: 00:16:43

Health: -4/71      AC:  7    Str: 21    XL:     8   Next: 12%
Magic:  7/7        EV: 10    Int:  7    God:
Gold:   221        SH:  5    Dex: 10    Spells: 7/7 levels left

rFire   . . .      SeeInvis .    k - +1 whip
rCold   . . .      Faith    .    c - +0 buckler
rNeg    . . .      Spirit   .    n - +0 ring mail
rPois   .          Reflect  .    (helmet restricted)
rElec   .          Harm     .    (no cloak)
rCorr   .          Rampage  .    p - +0 pair of gloves
Will    .....                    (no boots) Stlth
                                 (no amulet)
HPRegen 0.31/turn                (no ring)
MPRegen 0.10/turn                (no ring)

@: no status effects
A: horns 2, retaliatory headbutt
a: no special abilities


You were on level 5 of the Dungeon.
You visited 1 branch of the dungeon, and saw 6 of its levels.

You collected 221 gold pieces.

Inventory:

Hand Weapons
 j - a +2 dagger of venom
 k - a +1 whip (weapon)
 B - a +2 heavy spear
 C - a +0 antimagic flail
Missiles
 l - 52 stones (quivered)
 A - 3 throwing nets
Armour
 b - a +0 scale mail
 c - a +0 buckler (worn)
 n - a +0 ring mail (worn)
 p - a +0 pair of gloves (worn)
 v - a +0 chain mail
Jewellery
 d - a ring of fire
 i - an amulet of magic regeneration
Wands
 a - a wand of digging (4)
Scrolls
 g - a scroll of fear {unknown}
 o - a scroll of noise {unknown}
 r - a scroll of summoning {unknown}
 t - 4 scrolls of poison
 u - a scroll of amnesia
 y - a scroll of enchant weapon
Potions
 e - a potion of invisibility
 f - 2 potions of brilliance
 h - 2 potions of curing
 m - a potion of ambrosia
 s - 2 potions of mutation {unknown}
 w - a potion of flight {unknown}
 z - 4 potions of heal wounds {unknown}


   Skills:
 + Level 6.7 Fighting
 + Level 6.1 Maces & Flails
 + Level 6.7 Armour
 + Level 6.8 Shields


You had 7 spell levels left.
You didn't know any spells.
Your spell library contained the following spells:

 Spells                   Type           Power      Damage    Failure   Level
 Ensorcelled Hibernation  Hex/Ice        0%         N/A       80%         2
 Spider Form              Tmut/Pois      0%         N/A       95%         3
 Anguish                  Hex/Necr       0%         N/A       100%        4


Dungeon Overview and Level Annotations

Branches:
Dungeon (6/15)
 Temple: D:4-7

Altars:
Fedhas
Trog

Shops:
D:5 *


Innate Abilities, Weirdness & Mutations

You have a pair of horns on your head.
You reflexively headbutt those who attack you in melee.


Message History

There is a stone staircase leading down here.
You hit the orc. Your headbutt misses the orc.
The orc is lightly wounded.
The orc barely misses you.
You whack the orc!
You kill the orc!
No target in view!
You start resting.
HP restored.
You climb downwards.
There is a stone staircase leading up here.
You climb upwards.
There is a stone staircase leading down here.
You can't go up here!
You climb downwards.
The black bear bites you but does no damage.
The black bear barely misses you. The black bear claws you.
The ufetubus barely misses you. The ufetubus closely misses you.
The ogre hits you with a +0 giant club!!
The black bear misses you. x2; The black bear closely misses you.
There is a stone staircase leading up, spattered with blood here.
You block the ufetubus's attack. x2
The ufetubus hits you but does no damage. x2
The black bear bites you but does no damage.
The black bear barely misses you. x2
You climb upwards.
There is a stone staircase leading down here.
You barely miss the black bear. The ufetubus closely misses you.
The ufetubus completely misses you. The ogre hits you with a +0 giant club!
You block the black bear's attack. The black bear barely misses you.
The black bear claws you but does no damage.
You are too injured to fight recklessly!
The ogre attacks as you move away!
The ogre hits you with a +0 giant club!!
* * * LOW HITPOINT WARNING * * *
The ufetubus hits you.
* * * LOW HITPOINT WARNING * * *
The ufetubus closely misses you. You block the ufetubus's attack.
The ufetubus completely misses you. The black bear bites you.
You die...

.)##### ##.##
.)....#### #..#
.........# ##.###
.........# #...##
........## ###....##
.......## ##.......#
......## ###........#
.....## ##.........##
###.## ##.....h@...#
### ##.......>5..#
##.......).O..#
##.............####
#.................##
#............#.....#
#............#....###
#...........##..#...##
##..........##.......#


You could see a black bear, an ogre and an ufetubus.

Vanquished Creatures
  A black bear (D:4)
  An ogre (D:5)
  A phantom (D:4)
  A necrophage (D:5)
  2 scorpions (D:5)
  2 howler monkeys
  A jelly (D:4)
  6 hounds
  A gnoll bouda (D:4)
  3 iguanas
  An orc wizard (D:5)
  Ijyb (D:4)
  11 gnolls
  4 adders
  6 dart slugs
  6 orcs
  5 endoplasms
  9 giant cockroaches
  9 goblins
  7 hobgoblins
  4 jackals (D:3)
  2 quokkas (D:4)
  7 ball pythons
  5 bats
  10 frilled lizards
  4 kobolds
  4 rats
114 creatures vanquished.

Vanquished Creatures (others)
  A wizard (D:3)
  16 plants
17 creatures vanquished.

Grand Total: 131 creatures vanquished

Notes
Turn   | Place    | Note
-------+----------+-------------------------------------------
     0 | D:1      | berto the Minotaur Fighter began the quest for the Orb.
     0 | D:1      | Reached XP level 1. HP: 19/19 MP: 0/0
   161 | D:1      | Reached XP level 2. HP: 16/27 MP: 1/1
   674 | D:1      | Reached XP level 3. HP: 33/33 MP: 2/2
  2053 | D:3      | Reached XP level 4. HP: 41/41 MP: 3/3
  2286 | D:3      | Found a bloodstained altar of Trog.
  2635 | D:3      | Noticed a wizard
  2641 | D:3      | Killed a wizard
  2855 | D:4      | Found a blossoming altar of Fedhas.
  2892 | D:4      | Reached XP level 5. HP: 47/47 MP: 4/4
  3284 | D:4      | Reached skill level 5 in Fighting
  3284 | D:4      | Reached skill level 5 in Armour
  3284 | D:4      | Reached skill level 5 in Shields
  3442 | D:4      | Noticed Ijyb
  3459 | D:4      | Killed Ijyb
  3550 | D:4      | Reached XP level 6. HP: 55/56 MP: 5/5
  4263 | D:4      | Reached skill level 5 in Maces & Flails
  4263 | D:4      | Reached XP level 7. HP: 38/62 MP: 6/6
  4786 | D:5      | Entered Level 5 of the Dungeon
  5809 | D:5      | Found Ukuelof's Overcharged Wands.
  6111 | D:6      | Reached XP level 8. HP: 67/71 MP: 7/7
  6282 | D:5      | HP: 2/71 [ogre/+0 giant club (26)]
  6282 | D:5      | Slain by a black bear

Illustrated notes

Levels and vault maps discovered:
D:1:      scummos_arrival_simple_fountains, layout_loops_cross, serial_bayou,
          serial_bayou_pond_e, serial_bayou_pond_d, serial_bayou_ford_a,
          serial_bayou_lagoon_b, serial_bayou_crossing, serial_bayou_pond_e,
          minmay_lizard_pond
D:2:      layout_loops_cross, kennysheep_generic_room_14
D:3:      layout_basic, trog_wizard
D:4:      minmay_octagon_keep, layout_cave_pods, fedhas_ov_isle_minmay,
          uniq_ijyb
D:5:      layout_cave_pods, minmay_temple_entry_offerings,
          nicolae_shop_overcharged_wands
D:6:      layout_cave_pools, nicolae_uskayaw_dance_hall

Skill      XL: |  1  2  3  4  5  6  7 |
---------------+----------------------+-----
Shields        | 4 5 6 |  6.8
Fighting       | 4 5 6 |  6.7
Armour         | 4 5 6 |  6.7
Maces & Flails | 3 4 5 6 |  6.1

Action                   |  1- 3 |  4- 6 |  7- 9 || total
-------------------------+-------+-------+-------++-------
Melee: Flail             |    81 |       |       ||    81
       Headbutt          |    14 |    32 |    13 ||    59
       Whip              |    56 |   145 |    71 ||   272
Throw: Stone             |       |    25 |       ||    25
  Use: Potion            |       |     6 |     1 ||     7
       Scroll            |       |     7 |     1 ||     8
Armor: Scale mail        |    38 |       |       ||    38
       Ring mail         |     7 |    40 |    36 ||    83
Dodge: Dodged            |    52 |    75 |    60 ||   187
Block: Buckler           |    30 |    33 |    21 ||    84

Table legend: (Time is in decaauts)
 A = Elapsed time spent in this place.
 B = Non-inter-level travel time spent in this place.
 C = Inter-level travel time spent in this place.
 D = Time resting spent in this place.
 E = Time spent auto-exploring this place.
 F = Levels seen in this place.
 G = Mean time per level.
                   A        B        C        D        E       F      G
               +--------+--------+--------+--------+--------+-----+--------+
         Total |   6370 |   6150 |    220 |   1916 |   2870 |   6 | 1061.7 |
       Dungeon |   6370 |   6150 |    220 |   1916 |   2870 |   6 | 1061.7 |
               +--------+--------+--------+--------+--------+-----+--------+

Top non-repeatable levels by time:
     D:4: 2045 daAuts
     D:1: 1353 daAuts
     D:5: 1268 daAuts
     D:3: 974 daAuts
     D:2: 658 daAuts
     D:6: 68 daAuts
